 Dungeon Crawl Stone Soup version 0.31.0-4-g52a2dc7128 (webtiles) character file.

Game seed: 4865445861533467134

125528 Arctor the Earth Mage (level 17, -10/111 HPs)
             Began as a Kobold Hexslinger on Jan 21, 2024.
             Was a High Priest of Ashenzari.
             Incinerated by a deep elf pyromancer (11 damage)
             ... with a pyre arrow
             ... on level 2 of the Elven Halls.
             The game lasted 01:32:51 (31859 turns).

Arctor the Earth Mage (Kobold Hexslinger)          Turns: 31859, Time: 01:32:51

Health: -10/111    AC: 24    Str:  7    XL:     17   Next: 51%
Magic:  0/43       EV: 35    Int: 29    God:    Ashenzari [*****.]
Gold:   1849       SH:  2    Dex: 29    Spells: 2/40 levels left

rFire   . . .        M - +0 arbalest
rCold   + . .        (shield currently unavailable)
rNeg    . . .        y - +2 steam dragon scales of the Unyielding Gaze {Self, Bglg} (curse)
rPois   .            h - +3 hat of Pondering {ponderous, Will+ MP+10 Int+5, Comp, Bglg} (curse)
rElec   .            z - +0 cloak of the Unveiling Planets {Range, Bglg} (curse)
rCorr   .            p - +2 pair of gloves of the Gnostic Secrets {Str+3, Cun, Melee} (curse)
SInv    +            V - +5 pair of boots "Share My Urgency" {rC+ Int+4, Bglg, Elem} (curse)
Will    +....        I - amulet "At What Cost Knowledge?" {Spirit, Dev, Range} (curse)
Stlth   +++          S - ring of the Octopus King {Wiz HP+2 AC+2 EV+2 SH+2, Fort, Cun} (curse)
HPRegen 0.38/turn    F - ring of Desmomancy {Dex+6, Range, Comp} (curse)
MPRegen 0.28/turn

%: clarity, guardian spirit, wizardry (x1)
@: on fire, weak-willed, jinxed, glowing, slow
A: small, no large weapons, nightstalker 3, talons 1, iridescent scales 1,
clever 1
a: Renounce Religion, Curse Item, Shatter the Chains


You were on level 2 of the Elven Halls.
You worshipped Ashenzari.
Ashenzari was extremely pleased with you.
You visited 6 branches of the dungeon, and saw 24 of its levels.
You also visited: Ossuary.

You collected 3201 gold pieces.
You spent 1352 gold pieces at shops.

Inventory:

Hand Weapons
 a - a +1 orcbow of flaming
 b - the +7 staff of the Meek {protect, meekguard}
   (You found it on level 8 of the Dungeon)
 f - a +1 demon whip of venom
 J - a +0 antimagic orcbow
 M - a +0 arbalest (weapon)
Armour
 h - the cursed +3 hat of Pondering (worn) {ponderous, Will+ MP+10 Int+5, Comp, Bglg}
   (You took it off Gastronok on level 11 of the Dungeon)

   Int+5:     It affects your intelligence (+5).
   Will+:     It increases your willpower.
   MP+10:     It affects your magic capacity (+10).
   It has a curse which improves the following skills: Companions: Summonings
   and Necromancy.
   Beguiling: Hexes and Translocations.
 p - the cursed +2 pair of gloves of the Gnostic Secrets (worn) {Str+3, Cun, Melee}
   (You found it on level 3 of the Dungeon)

   It has a curse which improves the following skills: Cunning: Dodging and
   Stealth.
   Melee Combat: Short Blades, Long Blades, Axes, Maces & Flails, Polearms,
   Staves and Unarmed Combat.
 y - the cursed +2 steam dragon scales of the Unyielding Gaze (worn) {Self, Bglg}
   (You found it on level 6 of the Dungeon)

   It has a curse which improves the following skills: Introspection: Fighting
   and Spellcasting.
   Beguiling: Hexes and Translocations.
 z - the cursed +0 cloak of the Unveiling Planets (worn) {Range, Bglg}
   (You took it off Crazy Yiuf on level 7 of the Dungeon)

   It has a curse which improves the following skills: Ranged Combat: Ranged
   Weapons and Throwing.
   Beguiling: Hexes and Translocations.
 V - the cursed +5 pair of boots "Share My Urgency" (worn) {rC+ Int+4, Bglg, Elem}
   (You bought it in a shop on level 2 of the Orcish Mines)

   Int+4:     It affects your intelligence (+4).
   rC+:       It protects you from cold.
   It has a curse which improves the following skills: Beguiling: Hexes and
   Translocations.
   Elements:  Fire Magic, Ice Magic, Air Magic and Earth Magic.
Jewellery
 d - a ring of magical power
 n - a ring of protection from cold
 t - a ring of resist corrosion
 B - a ring of poison resistance
 F - the cursed ring of Desmomancy (right hand) {Dex+6, Range, Comp}
   (You found it on level 8 of the Dungeon)

   [ring of dexterity]

   Dex+6:     It affects your dexterity (+6).
   It has a curse which improves the following skills: Ranged Combat: Ranged
   Weapons and Throwing.
   Companions: Summonings and Necromancy.
 I - the cursed amulet "At What Cost Knowledge?" (around neck) {Spirit, Dev, Range}
   (You found it on level 1 of the Lair of Beasts)

   [amulet of guardian spirit]

   Spirit:    It causes incoming damage to be divided between your reserves of
   health and magic.
   It has a curse which improves the following skills: Devices: Evocations and
   Shapeshifting.
   Ranged Combat: Ranged Weapons and Throwing.
 O - a ring of flight
 P - a ring of willpower
 S - a cursed ring of the Octopus King (left hand) {Wiz HP+2 AC+2 EV+2 SH+2, Fort, Cun}
   (You found it on level 5 of the Lair of Beasts)

   [ring of wizardry]

   Wiz:       It improves your spell success rate.
   AC+2:      It affects your AC (+2).
   EV+2:      It affects your evasion (+2).
   HP+2:      It affects your health (+2).
   SH+2:      It affects your SH (+2).
   It has a curse which improves the following skills: Fortitude: Armour and
   Shields.
   Cunning:   Dodging and Stealth.
 T - a ring of positive energy
 W - a ring of willpower
 X - a ring of fire
 Y - a ring of ice
Wands
 c - a wand of mindburst (22)
 i - a wand of iceblast (9)
 u - a wand of digging (4)
 v - a wand of flame (7)
 A - a wand of paralysis (14)
 C - a wand of polymorph (7)
Scrolls
 e - a scroll of amnesia
 j - 2 scrolls of vulnerability
 k - 3 scrolls of poison
 l - 5 scrolls of silence
 r - a scroll of teleportation
 E - 3 scrolls of immolation
 H - a scroll of torment
 N - 3 scrolls of fog
Potions
 g - 7 potions of curing
 m - a potion of lignification
 o - 5 potions of heal wounds
 q - 2 potions of degeneration
 s - 3 potions of enlightenment
 w - 3 potions of berserk rage
 x - 3 potions of ambrosia
 D - 5 potions of brilliance
 G - a potion of haste
 K - 2 potions of magic
 L - 2 potions of resistance
 Q - 2 potions of cancellation
 R - 2 potions of invisibility
 Z - 2 potions of attraction


   Skills:
 - Level 11.2(13.3) Fighting
 - Level 4.6(6.9) Maces & Flails
 - Level 2.6(5.4) Staves
 - Level 13.1(17.3) Ranged Weapons
 - Level 12.2(15.3) Dodging
 - Level 7.1(10.3) Stealth
 - Level 10.0(12.1) Spellcasting
 + Level 4.5 Conjurations
 - Level 9.5(14.5) Hexes
 + Level 7.3(9.5) Fire Magic
 * Level 17.1(19.1) Earth Magic
 - Level 6.2(8.4) Evocations


You had 2 spell levels left.
You knew the following spells:

 Your Spells              Type           Power      Damage    Failure   Level
a - Jinxbite              Hex            100%       N/A       0%          2
b - Passwall              Erth           91%        N/A       0%          3
c - Sigil of Binding      Hex            80%        N/A       0%          3
d - Inner Flame           Hex/Fire       72%        N/A       1%          3
e - Swiftness             Air            19%        N/A       3%          3
f - Dimensional Bullseye  Hex/Tloc       29%        N/A       1%          4
g - Ozocubu's Armour      Ice            19%        N/A       3%          3
h - Petrify               Alch/Erth      65%        N/A       1%          4
i - Discord               Hex            40%        N/A       21%         8
j - Irradiate             Conj/Alch      15%        3d16      13%         5

Your spell library contained the following spells:

 Spells                   Type           Power      Damage    Failure   Level
 Sandblast                Erth           100%       2d20      0%          1
 Apportation              Tloc           42%        N/A       1%          1
 Foxfire                  Conj/Fire      100%       2x1d9     1%          1
 Necrotise                Necr           80%        1d8       1%          1
 Sting                    Conj/Alch      100%       1d9       1%          1
 Summon Small Mammal      Summ           80%        N/A       1%          1
 Ensorcelled Hibernation  Hex/Ice        100%       N/A       1%          2
 Scorch                   Fire           100%       2d9       1%          2
 Searing Ray              Conj           88%        2d7       1%          2
 Sublimation of Blood     Necr           20%        N/A       1%          2
 Dazzling Flash           Conj/Hex       100%       N/A       1%          3
 Hailstorm                Conj/Ice       31%        3d8       1%          3
 Stone Arrow              Conj/Erth      100%       3d13      1%          3
 Volatile Blastmotes      Fire/Tloc      94%        2d17      1%          3
 Brom's Barrelling Bould  Conj/Erth      72%        2d9       1%          4
 Cause Fear               Hex            40%        N/A       1%          4
 Flame Wave               Conj/Fire      55%        2d13      1%          4
 Silence                  Hex/Air        28%        N/A       1%          5
 Fugue of the Fallen      Necr           20%        N/A       3%          3
 Manifold Assault         Tloc           21%        N/A       9%          4
 Passage of Golubria      Tloc           21%        N/A       9%          4
 Animate Dead             Necr           20%        N/A       11%         4
 Starburst                Conj/Fire      27%        6d9       11%         6
 Olgreb's Toxic Radiance  Alch           17%        N/A       12%         4
 Plasma Beam              Fire/Air       23%        2x1d35    24%         6
 Lehudib's Crystal Spear  Conj/Erth      36%        10d9      50%         8
 Summon Cactus Giant      Summ           10%        N/A       80%         6
 Orb of Destruction       Conj           22%        9d8       80%         7
 Haunt                    Necr/Summ      10%        N/A       100%        7
 Ozocubu's Refrigeration  Ice            9%         4d9       100%        7
 Infestation              Necr           10%        N/A       100%        8
 Maxwell's Capacitive Co  Air            9%         ∞         100%        8


Dungeon Overview and Level Annotations

Branches:
Dungeon (12/15)            Temple (1/1) D:5            Lair (5/5) D:10
  Swamp (1/4) Lair:2       Spider (0/4) Lair:2        Slime (0/5) Lair:4
    Orc (2/2) D:12            Elf (3/3) Orc:2       Ossuary (visited)

Altars:
Ashenzari
Cheibriados
Dithmenos
Elyvilon
Fedhas
Gozag
Hepliaklqana
Kikubaaqudgha
Makhleb
Nemelex Xobeh
Okawaru
Qazlal
Ru
Sif Muna
Trog
Uskayaw
Vehumet
Wu Jian
Xom
Yredelemnul
Zin
The Shining One
Lugonu

Shops:
Orc:1 *   Orc:2 [:(*[   Elf:1 !   Elf:2 (!=

Portals:
Abyss: D:8

Annotations:
D:4 3 runed translucent doors, Strat's ghost, weakling TeDe


Innate Abilities, Weirdness & Mutations

You are small and have problems with some larger weapons.
You are completely attuned to the shadows.
You have sharp toenails.
You are partially covered in iridescent scales. (AC +2)
Your mind is acute. (Int +4, Str/Dex -1)


Message History

Press: ? - help, Q - select action, (/) - cycle Shift-Dir - straight line, f/p - +1 lajatang of flaming
Aim: a +1 lajatang of flaming (severely damaged, chance to call a sprite on attack: 0%, 55% to hit)
You shoot a bolt.
The bolt misses the +1 lajatang of flaming.
The liquid fire burns you!
You hear a shout!
You block the +1 lajatang of flaming's attack.
The deep elf pyromancer completely misses you.
A deep elf zephyrmancer comes into view.
It is wielding a +0 rapier.
The +1 lajatang of flaming hits you. The +1 lajatang of flaming burns you.
Unknown command.
You shake off some of the fire as you move.
The liquid fire burns you! The +1 lajatang of flaming misses you.
You see here a +0 trident of flaming.
Fire: M) +0 arbalest
Press: ? - help, Q - select action, (/) - cycle Shift-Dir - straight line, f/p - +1 lajatang of flaming
Aim: a +1 lajatang of flaming (heavily damaged, chance to call a sprite on attack: 0%, 55% to hit)
You shoot a bolt.
The bolt barely misses the +1 lajatang of flaming.
The liquid fire burns you! The +1 lajatang of flaming hits you.
The +1 lajatang of flaming burns you.
The deep elf pyromancer points at you and mumbles some strange words.
The pyre arrow hits you.
You are even more covered in intense liquid fire!
The +1 lajatang of flaming hits you. The +1 lajatang of flaming burns you.
You shake off some of the fire as you move.
The liquid fire burns you!
* * * LOW HITPOINT WARNING * * *
The +1 lajatang of flaming attacks as it pursues you!
The +1 lajatang of flaming hits you!!
* * * LOW HITPOINT WARNING * * *
The +1 lajatang of flaming burns you!
* * * LOW HITPOINT WARNING * * *
The +1 lajatang of flaming completely misses you.
Blink to where?
Press: ? - help, Dir - move target, p - +1 lajatang of flaming
As you read the scroll of blinking, it crumbles to dust.
The liquid fire burns you!
You die...

##..#...'###.#.#.#.###
#...#...'#............
#..###..'...##...##...
#...#...'#............
##..#...'###.#.#.#.###
##.....## #...#...#
##.....# ###...###
*#......# #...#
#....@.## ##.##
#.....## ### #### **
##.....####.##**.#***,
##..)..##.).##§..**,,
*#.....§(.)..)...,,,,
**.......e........,,*,
*,.....#.e........,***
**....###........{** *
**..#* ##........** *


There were no monsters in sight!

Vanquished Creatures
  Saint Roka (Orc:2)
  Gastronok (D:11)
  A thorn hunter (Swamp:1)
  A deep elf elementalist (Elf:1)
  A deep elf sorcerer (Elf:1)
  A deep elf demonologist (Elf:3)
  A deep elf death mage (Elf:2)
  2 deep elf annihilators
  A minotaur (Lair:4)
  A fire dragon (Lair:5)
  Fannar (D:11)
  The ghost of groovy9 the Cleaver, a journeyman GrFi of Nemelex Xobeh (Lair:4)
  Erolcha (D:12)
  4 hydras
  An ogre mage (Orc:2)
  A merfolk avatar (Lair:5)
  A centaur warrior (D:9)
  2 boulder beetles (D:11)
  12 dancing weapons
  7 death yaks
  10 two-headed ogres
  An orc high priest (Orc:2)
  The ghost of groovy9 the Thaumaturge, a novice DjFE of Makhleb (D:7)
  3 skysharks
  Nergalle (D:10)
  Amaemon (D:10)
  14 deep elf knights
  8 skeletal warriors
  A sea snake (Lair:5)
  7 deep elf archers
  3 orc knights (Orc:2)
  23 deep elf zephyrmancers
  2 lindwurms (Lair:4)
  3 ugly things
  20 deep elf pyromancers
  Maurice (D:7)
  7 orc sorcerers
  4 manticores
  An oklob plant (Lair:5)
  5 kobold blastminers
  15 elephants
  6 black mambas
  12 cane toads
  An orange demon (D:10)
  4 rime drakes
  2 unseen horrors
  10 komodo dragons
  6 polar bears
  11 trolls
  A tyrant leech (Lair:2)
  2 wind drakes (Lair:5)
  2 hornets
  14 blink frogs
  3 slime creatures (D:12)
  A vampire (D:9)
  8 air elementals
  3 water elementals
  29 yaks
  A fire bat (shapeshifter) (Elf:1)
  7 wyverns
  A basilisk (Lair:3)
  15 steam dragons
  2 vampire mosquitoes (D:12)
  A fire elemental (Elf:1)
  A warg (Orc:2)
  2 swamp worms (Lair:2)
  12 water moccasins
  4 black bears
  2 ice beasts (D:8)
  17 orc warriors
  24 wolves
  7 centaurs
  7 ogres
  3 phantoms
  Blork the orc (D:6)
  2 elf zombies (Ossuary)
  A gnoll sergeant (D:9)
  4 kobold brigands
  23 bullfrogs
  3 earth elementals
  2 scorpions
  A troll zombie (D:12)
  7 wights
  4 killer bees (D:9)
  An electric eel (Lair:5)
  6 howler monkeys
  3 jellies
  3 bombardier beetles
  7 hounds
  A centaur zombie (Ossuary)
  2 human zombies (Ossuary)
  18 orc priests
  A sleepcap (D:4)
  Crazy Yiuf (D:7)
  3 gnoll boudas
  An iguana (D:5)
  20 orc wizards
  8 hell rats
  7 ogre zombies (D:12)
  6 hound zombies (Ossuary)
  2 mummies (Ossuary)
  26 gnolls
  2 river rats (D:10)
  11 adders
  3 shadow imps
  3 white imps
  3 ufetubi
  4 adder zombies (Ossuary)
  2 ribbon worms
  4 dart slugs
  40 orcs
  5 endoplasms
  2 giant cockroaches
  14 hobgoblins
  8 jackals
  6 quokkas
  6 ball pythons
  9 bats
  3 frilled lizards
  6 gnoll skeletons (D:12)
  10 gnoll zombies
  6 goblins
  4 jackal zombies (Ossuary)
  18 kobolds
  7 kobold zombies (Ossuary)
  3 orc skeletons (D:12)
  17 orc zombies
  11 rats
  A lurking horror (D:8)
766 creatures vanquished.

Vanquished Creatures (collateral kills)
  2 boulders (Lair:4)
2 creatures vanquished.

Vanquished Creatures (others)
  A deep elf knight (Elf:2)
  A deep elf pyromancer (Elf:3)
  2 deep elf zephyrmancers (Elf:1)
  An ufetubus (D:7)
  A boulder (Lair:4)
6 creatures vanquished.

Grand Total: 774 creatures vanquished

Notes
Turn   | Place    | Note
-------+----------+-------------------------------------------
     0 | D:1      | Arctor the Kobold Hexslinger began the quest for the Orb.
     0 | D:1      | Reached XP level 1. HP: 12/12 MP: 2/2
   140 | D:1      | Reached XP level 2. HP: 12/16 MP: 3/3
   332 | D:1      | Learned a level 2 spell: Jinxbite
   413 | D:1      | Reached XP level 3. HP: 13/20 MP: 5/5
   446 | D:1      | Found a faded altar of an unknown god.
   928 | D:2      | Reached XP level 4. HP: 20/26 MP: 6/6
  1688 | D:3      | Learned a level 3 spell: Passwall
  1730 | D:3      | Reached XP level 5. HP: 20/31 MP: 5/8
  1957 | D:3      | Reached XP level 6. HP: 14/36 MP: 6/9
  2455 | D:4      | Learned a level 3 spell: Sigil of Binding
  2829 | D:4      | Reached XP level 7. HP: 38/41 MP: 11/11
  3239 | D:4      | Reached skill level 5 in Ranged Weapons
  3421 | D:4      | Found a runed translucent gate.
  3422 | D:4      | Found a runed translucent gate.
  3423 | D:4      | Found a runed translucent gate.
  3423 | D:4      | Noticed Strat's ghost (weakling TeDe)
  3426 | D:4      | Identified the +4 plate armour of the Will of the Gods {rF+
                  | rC- Dex+6}
  3552 | D:5      | Entered Level 5 of the Dungeon
  4060 | D:5      | Reached skill level 5 in Dodging
  4060 | D:5      | Reached XP level 8. HP: 48/48 MP: 10/13
  4064 | D:5      | Learned a level 3 spell: Inner Flame
  4369 | D:5      | Reached skill level 5 in Hexes
  4433 | D:5      | Found a staircase to the Ecumenical Temple.
  4529 | Temple   | Entered the Ecumenical Temple
  4549 | Temple   | Became a worshipper of Ashenzari the Shackled
  4824 | D:6      | Reached skill level 1 in Evocations
  4936 | D:6      | Reached skill level 1 in Earth Magic
  5165 | D:6      | Noticed Blork the orc
  5177 | D:6      | Killed Blork the orc
  5178 | D:6      | Reached skill level 5 in Fighting
  5178 | D:6      | Reached XP level 9. HP: 36/54 MP: 13/15
  5367 | D:6      | Found a sand-covered staircase.
  5373 | Ossuary  | Entered an ossuary
  5470 | Ossuary  | Reached * piety under Ashenzari
  5603 | Ossuary  | Reached skill level 2 in Earth Magic
  6580 | D:6      | Learned a level 3 spell: Swiftness
  6677 | D:7      | Reached skill level 5 in Spellcasting
  6709 | D:7      | Noticed Maurice
  6727 | D:7      | Reached skill level 1 in Stealth
  6739 | D:7      | Killed Maurice
  6914 | D:7      | Reached skill level 3 in Earth Magic
  6914 | D:7      | Reached XP level 10. HP: 60/60 MP: 15/17
  7036 | D:7      | Reached ** piety under Ashenzari
  7042 | D:7      | Learned a level 4 spell: Dimensional Bullseye
  7139 | D:7      | Found a runed translucent door.
  7144 | D:7      | Noticed Crazy Yiuf
  7151 | D:7      | Killed Crazy Yiuf
  7262 | D:7      | Found a runed translucent door.
  7779 | D:7      | Noticed groovy9's ghost (novice DjFE)
  7816 | D:7      | Killed groovy9's ghost
  8313 | D:8      | Found a one-way gate to the infinite horrors of the Abyss.
  8314 | D:8      | Found a corrupted altar of Lugonu.
  8515 | D:8      | Found the +7 staff of the Meek {protect, meekguard}
  9077 | D:8      | Reached *** piety under Ashenzari
  9077 | D:8      | Reached **** piety under Ashenzari
  9294 | D:9      | Found a sacrificial altar of Ru.
  9295 | D:9      | Found a burning altar of Makhleb.
  9392 | D:9      | Found an iron altar of Okawaru.
  9396 | D:9      | Found a white marble altar of Elyvilon.
  9396 | D:9      | Found a basalt altar of Yredelemnul.
  9397 | D:9      | Found a stormy altar of Qazlal.
  9432 | D:9      | Reached skill level 4 in Earth Magic
  9457 | D:9      | Identified the +0 leather armour of the Demon Prince {rPois
                  | rCorr Int+5 Slay-2}
  9989 | D:9      | Reached skill level 5 in Evocations
 10022 | D:9      | Reached skill level 5 in Stealth
 10022 | D:9      | Reached XP level 11. HP: 66/66 MP: 20/20
 10026 | D:9      | Learned a level 3 spell: Ozocubu's Armour
 10274 | D:9      | Noticed a catoblepas
 10278 | D:9      | Noticed a centaur warrior
 10429 | D:9      | Killed a centaur warrior
 10522 | D:10     | Entered Level 10 of the Dungeon
 10532 | D:10     | Noticed a death yak
 10532 | D:10     | Noticed a death yak
 10558 | D:9      | Killed a death yak
 10576 | D:9      | Killed a death yak
 10740 | D:10     | Noticed a death yak
 10802 | D:9      | HP: 1/67 [death yak (19)]
 11004 | D:10     | Reached skill level 5 in Earth Magic
 11004 | D:10     | Noticed Amaemon
 11205 | D:10     | Found a staircase to the Lair.
 11219 | D:10     | Gained mutation: Your flesh is heat resistant. (rF+)
                  | [potion of mutation]
 11219 | D:10     | Gained mutation: Your spells are a little harder to cast,
                  | but a little more powerful. [potion of mutation]
 11642 | D:10     | Killed Amaemon
 11849 | D:10     | Noticed Nergalle
 11862 | D:10     | Killed Nergalle
 12483 | D:10     | Noticed a manticore
 12496 | D:10     | Killed a manticore
 12497 | D:10     | Reached XP level 12. HP: 48/73 MP: 22/22
 12598 | D:10     | Noticed a two-headed ogre
 12626 | D:10     | Killed a two-headed ogre
 12627 | D:10     | Reached skill level 1 in Maces & Flails
 12630 | D:10     | Found a snail-covered altar of Cheibriados.
 12987 | Lair:1   | Entered Level 1 of the Lair of Beasts
 13152 | Lair:1   | Learned a level 4 spell: Petrify
 13279 | Lair:1   | Reached skill level 10 in Ranged Weapons
 13817 | Lair:1   | Noticed a death yak
 13818 | Lair:1   | Noticed a death yak
 13849 | Lair:1   | Killed a death yak
 13850 | Lair:1   | Reached skill level 6 in Earth Magic
 13991 | Lair:1   | Noticed a death yak
 13993 | Lair:1   | Noticed a death yak
 14012 | Lair:1   | Noticed a death yak
 14014 | Lair:1   | Killed a death yak
 14565 | Lair:2   | Noticed an eight-headed hydra
 15179 | Lair:2   | Killed a death yak
 15335 | Lair:2   | Reached XP level 13. HP: 41/80 MP: 20/24
 15440 | Lair:2   | Reached skill level 10 in Dodging
 16359 | Lair:2   | Found a hole to the Spider Nest.
 16367 | Lair:2   | Reached skill level 7 in Earth Magic
 16472 | Lair:2   | Killed an eight-headed hydra
 16695 | Lair:2   | Found a staircase to the Swamp.
 17350 | Lair:3   | Reached skill level 1 in Staves
 18155 | Lair:3   | Reached skill level 10 in Fighting
 18262 | Lair:3   | Reached XP level 14. HP: 76/88 MP: 21/26
 18795 | Lair:4   | Found a staircase to the Slime Pits.
 19375 | Lair:4   | Noticed groovy9's ghost (journeyman GrFi)
 19375 | Lair:4   | Noticed a minotaur
 19432 | Lair:4   | Found a runed translucent gate.
 19432 | Lair:4   | Found a runed translucent gate.
 19432 | Lair:4   | Found a runed translucent gate.
 19545 | Lair:4   | Learned a level 4 spell: Brom's Barrelling Boulder
 19725 | Lair:4   | Reached ***** piety under Ashenzari
 19947 | Lair:4   | Killed groovy9's ghost
 19948 | Lair:4   | Reached skill level 8 in Earth Magic
 20047 | Lair:4   | Killed a minotaur
 20145 | Lair:5   | Entered Level 5 of the Lair of Beasts
 20789 | Lair:5   | Reached ****** piety under Ashenzari
 21221 | Lair:5   | Found the ring of the Octopus King {Wiz HP+2 AC+2 EV+2
                  | SH+2}
 21221 | Lair:5   | Found the ring of the Octopus King {Wiz HP+2 AC+2 EV+2
                  | SH+2}
 21260 | Lair:5   | Lost mutation: Your flesh is heat resistant. (rF+) [potion
                  | of mutation]
 21260 | Lair:5   | Lost mutation: Your spells are a little harder to cast, but
                  | a little more powerful. [potion of mutation]
 21260 | Lair:5   | Gained mutation: You are partially covered in iridescent
                  | scales. (AC +2) [potion of mutation]
 21261 | Lair:5   | Lost mutation: You are partially covered in iridescent
                  | scales. (AC +2) [potion of mutation]
 21261 | Lair:5   | Gained mutation: You are partially covered in iridescent
                  | scales. (AC +2) [potion of mutation]
 21261 | Lair:5   | Gained mutation: Your mind is acute. (Int +4, Str/Dex -1)
                  | [potion of mutation]
 21261 | Lair:5   | Gained mutation: Your magical capacity is low. (-10% MP)
                  | [potion of mutation]
 21261 | Lair:5   | Gained mutation: You have large cloven feet. [potion of
                  | mutation]
 21262 | Lair:5   | Lost mutation: Your magical capacity is low. (-10% MP)
                  | [potion of mutation]
 21262 | Lair:5   | Lost mutation: You have large cloven feet. [potion of
                  | mutation]
 21262 | Lair:5   | Gained mutation: You have sharp toenails. [potion of
                  | mutation]
 21478 | Lair:5   | Identified the +6 ring mail "Niraattoes" {rElec rF+ Dex+2
                  | Slay-2}
 21727 | Lair:5   | Identified the +8 longbow of Dust {speed, Str+3}
 22433 | D:11     | Reached skill level 9 in Earth Magic
 22450 | D:11     | Identified a scroll of acquirement
 22464 | D:11     | Acquired 653 gold pieces
 22469 | D:11     | Reached skill level 10 in Spellcasting
 22532 | D:11     | Reached XP level 15. HP: 98/98 MP: 21/30
 22710 | D:11     | Reached skill level 10 in Earth Magic
 23120 | D:11     | Identified the +2 robe of Hedge Wizardry {rElec Will+}
 23169 | D:11     | Noticed Gastronok
 23178 | D:11     | Killed Gastronok
 23590 | D:11     | Reached skill level 11 in Earth Magic
 23592 | D:12     | Noticed Fannar
 23625 | D:11     | Killed Fannar
 24064 | D:12     | Noticed Erolcha
 24086 | D:12     | Killed Erolcha
 24087 | D:12     | Reached skill level 12 in Earth Magic
 24145 | D:12     | Found a staircase to the Orcish Mines.
 24776 | Orc:1    | Entered Level 1 of the Orcish Mines
 24841 | Orc:1    | Found Patzeepou's Overcharged Wands.
 24854 | Orc:1    | Paralysed by an orc sorcerer for 5 turns
 25177 | Orc:2    | Entered Level 2 of the Orcish Mines
 25215 | Orc:2    | Reached skill level 13 in Earth Magic
 25366 | Orc:2    | Paralysed by an orc sorcerer for 5 turns
 25592 | Orc:2    | Reached XP level 16. HP: 80/104 MP: 28/32
 25594 | Orc:2    | Reached skill level 14 in Earth Magic
 25670 | Orc:2    | Found a staircase to the Elven Halls.
 25736 | Orc:2    | Found Pel Areh's Antique Armour Boutique.
 26077 | Orc:2    | Noticed Saint Roka
 26305 | Orc:1    | Learned a level 5 spell: Irradiate
 26440 | Swamp:1  | Entered Level 1 of the Swamp
 26442 | Swamp:1  | Noticed a thorn hunter
 26459 | Swamp:1  | Killed a thorn hunter
 26461 | Swamp:1  | Noticed a tentacled monstrosity
 26950 | Orc:2    | Found Qolleojy's Antique Weapon Shop.
 27529 | Orc:2    | Killed Saint Roka
 27716 | Orc:2    | Found Pyplycoi's General Store.
 27732 | Orc:2    | Found Ewuolod's Book Shop.
 27737 | Orc:2    | Bought the Unrestrained Analects for 484 gold pieces
 27747 | Orc:2    | Learned a level 8 spell: Discord
 27771 | Orc:2    | Found Ygilih's Antique Armour Shop.
 27776 | Orc:2    | Bought a pair of steaming boots for 247 gold pieces
 27776 | Orc:2    | Identified the +5 pair of boots of the Alphagorgon {rC+
                  | Int+4} (You bought it in a shop on level 2 of the Orcish
                  | Mines)
 27828 | Elf:1    | Entered Level 1 of the Elven Halls
 27841 | Orc:2    | Paralysed by an air elemental for 1 turns
 27855 | Elf:1    | Paralysed by an air elemental for 1 turns
 27965 | Elf:1    | Reached skill level 15 in Earth Magic
 28273 | Elf:1    | Found a runed translucent door.
 28553 | Elf:1    | Noticed a deep elf sorcerer
 28565 | Elf:1    | Killed a deep elf sorcerer
 28576 | Elf:1    | Reached skill level 5 in Fire Magic
 28808 | Elf:1    | Identified the Excursus on Fulmination
 29109 | Elf:1    | Reached skill level 16 in Earth Magic
 29217 | Elf:1    | Found Zuawiv's Distillery.
 29222 | Elf:1    | Bought a potion of heal wounds for 70 gold pieces
 29222 | Elf:1    | Bought a potion of ambrosia for 112 gold pieces
 29222 | Elf:1    | Bought a potion of magic for 112 gold pieces
 29222 | Elf:1    | Bought a potion of curing for 42 gold pieces
 29384 | Elf:1    | Reached skill level 1 in Conjurations
 29724 | Elf:3    | Entered Level 3 of the Elven Halls
 29799 | Elf:3    | Reached XP level 17. HP: 70/109 MP: 17/33
 30847 | Elf:2    | Found Ilodanit's Jewellery Boutique.
 30849 | Elf:2    | Found Xazo's Distillery.
 30851 | Elf:2    | Found Rubieketeg's Antique Weapon Boutique.
 30854 | Elf:2    | Bought a potion of heal wounds for 95 gold pieces
 30854 | Elf:2    | Bought a potion of heal wounds for 95 gold pieces
 30854 | Elf:2    | Bought a potion of heal wounds for 95 gold pieces
 30933 | Elf:2    | Paralysed by an air elemental for 1 turns
 31422 | Elf:2    | Found a huge runed translucent gate.
 31422 | Elf:2    | Found a huge runed translucent gate.
 31425 | Elf:2    | Found a huge runed translucent gate.
 31426 | Elf:2    | Found a huge runed translucent gate.
 31426 | Elf:2    | Found a huge runed translucent gate.
 31473 | Elf:2    | Reached skill level 17 in Earth Magic
 31858 | Elf:2    | HP: 1/111 [+1 lajatang of flaming (9)]
 31859 | Elf:2    | Incinerated by a deep elf pyromancer

Illustrated notes

Levels and vault maps discovered:
D:1:      minmay_arrival_stair_chambers, layout_loops_ring,
          dreamdust_ecumenical_altar_statues
D:2:      layout_rooms
D:3:      layout_basic, chequers_jeans, wander_ebering_terrifying_dragon_lair
D:4:      layout_gridville, biasface_ghost_orc_armoury, grunt_ministairs_6,
          chequers_avenue
D:5:      layout_basic, minmay_temple_entry_offerings
D:6:      layout_basic, enter_ossuary_2, uniq_blork_the_orc
D:7:      layout_loops_ring, ebering_ghost_reflecting_pool,
          grunt_decor_arrowhead, minmay_misc_feat_tower,
          uniq_crazy_yiuf_cottage, uniq_maurice
D:8:      layout_basic, minmay_gold_behind_fungi, kennysheep_decorative_pillar,
          fountainhead, grunt_ministairs_4, amcnicky_altar_lugonu_corruption
D:9:      layout_basic, grunt_temple_overflow_open, hangedman_corner_corridor
D:10:     layout_cave_pools, mainiacjoe_overflow_small_starburst,
          dpeg_lair_monsters, enter_bailey_4, uniq_nergalle, uniq_amaemon
D:11:     layout_irregular_city, uniq_gastronok
D:12:     layout_loops_ring, zombieorc2_lemuel, uniq_fannar, uniq_erolcha
Temple:   nicolae_temple_bog_church
Lair:1:   layout_chaotic_city, grunt_megastairs_1
Lair:2:   layout_concentric_octagons, minmay_swamp_entry_worms,
          dummy_spider_entry
Lair:3:   layout_loops_ring, beast_lair_carwin_1
Lair:4:   layout_regular_city, dpeg_slime_entry_corner,
          maelrawn_ghost_gauntlet_escape, grunt_forest_large_clearings
Lair:5:   gammafunk_lair_ancient_temple, layout_regular_city,
          minmay_lair_oklob_items, eino_small_chamber_without_monster,
          chequers_serial_rivers_room_a, bobbens_dragon_lair_wall,
          infiniplex_staircase_pool
Swamp:1:  layout_basic_swamp, infiniplex_staircase_pool_2
Orc:1:    layout_caves, nicolae_shop_overcharged_wands
Orc:2:    grunt_orc_cross, layout_caves, serial_shops, nicolae_shop_peninsula,
          david_defended_altar_orc
Elf:1:    nicolae_elf_arrival_aired_out, layout_loops_ring, serial_shops, shop,
          minmay_elf_annihilation, minivault_13
Elf:2:    elven_hall_of_blades_hangedman_alternative
          [nicolae_vaults_blade_armed_guards], layout_geoelf_octagon,
          minmay_shop_star, lemuel_elevator
Elf:3:    grunt_elf_hall_branching, layout_loops_corners, serial_shops, shop,
          st_stairs_13, grunt_ministairs_13, nicolae_elf_loose_elemental_storage

Skill      XL: |  1  2  3  4  5  6  7  8  9 10 11 12 13 14 15 16 17 |
---------------+----------------------------------------------------+-----
Ranged Weapons | 3 4 5 6 7 8 9 10 11 13 | 13.1
Fighting       | 2 3 4 5 6 7 8 10 11 | 11.2
Dodging        | 3 4 5 6 7 8 9 11 12 | 12.2
Spellcasting   | 2 3 4 5 6 7 8 10 | 10.0
Hexes          | 4 5 6 7 8 9 |  9.5
Evocations     | 1 3 5 6 |  6.2
Earth Magic    | 1 3 4 5 6 7 9 13 16 17 | 17.1
Stealth        | 2 5 6 7 |  7.1
Maces & Flails | 3 4 |  4.6
Staves         | 2 |  2.6
Fire Magic     | 6 7 |  7.3
Conjurations   | 2 4 |  4.5

Action                     |  1- 3 |  4- 6 |  7- 9 | 10-12 | 13-15 | 16-18 || total
---------------------------+-------+-------+-------+-------+-------+-------++-------
  Melee: Sling             |       |       |     1 |     2 |       |       ||     3
         Shortbow          |       |       |       |     2 |       |       ||     2
         Demon whip        |       |       |       |   395 |   213 |       ||   608
         Punch             |       |       |       |     6 |     5 |       ||    11
         Quarterstaff      |       |       |       |       |   252 |       ||   252
   Fire: Sling             |   102 |   180 |   499 |   200 |       |       ||   981
         Shortbow          |       |       |       |   119 |       |       ||   119
         Orcbow            |       |       |       |   173 |   760 |       ||   933
         Arbalest          |       |       |       |       |   141 |   622 ||   763
   Cast: Jinxbite          |       |     7 |    42 |    41 |    49 |    35 ||   174
         Dimensional Bulls |       |       |       |     4 |    11 |    15 ||    30
         Sigil of Binding  |       |       |       |     8 |     7 |    11 ||    26
         Ozocubu's Armour  |       |       |       |     3 |       |     1 ||     4
         Swiftness         |       |       |       |     1 |     1 |     2 ||     4
         Petrify           |       |       |       |       |     3 |     2 ||     5
         Brom's Barrelling |       |       |       |       |     3 |     6 ||     9
         Discord           |       |       |       |       |       |     3 ||     3
         Passwall          |       |       |       |       |       |     1 ||     1
         Irradiate         |       |       |       |       |       |     1 ||     1
 Invoke: Curse Item        |       |       |     2 |     5 |     6 |     1 ||    14
         Shatter the Chain |       |       |       |     2 |     3 |     1 ||     6
    Use: Scroll            |       |     8 |     8 |    12 |     4 |     7 ||    39
         Potion            |       |       |     2 |     5 |     3 |     5 ||    15
   Stab: Sleeping          |       |       |       |    14 |     9 |       ||    23
         Distracted        |       |       |       |     3 |       |       ||     3
 Armour: Robe              |    20 |    53 |   187 |       |       |       ||   260
         Steam dragon scal |       |       |    19 |   420 |   368 |   204 ||  1011
  Dodge: Dodged            |    42 |    77 |   467 |  1184 |  1404 |   534 ||  3708
  Block: Other             |       |       |       |       |    19 |    25 ||    44
